 Dungeon Crawl Stone Soup version 0.25-a0-201-g0bb11aece9 (webtiles) character file.

Game seed: 8723750493456247847, levelgen mode: deterministic

550 MisterFreud the Ducker (level 7, -7/48 HPs)
             Began as an Octopode Artificer on Dec 2, 2019.
             Was an Initiate of Cheibriados.
             Shot with an arrow by something (11 damage)
             ... on level 4 of the Dungeon.
             The game lasted 00:05:52 (3674 turns).

MisterFreud the Ducker (Octopode Artificer)         Turns: 3674, Time: 00:05:52

Health: -7/48      AC:  1    Str: 13    XL:     7   Next: 29%
Magic:  9/9        EV: 16    Int: 16    God:    Cheibriados [......]
Gold:   149        SH:  0    Dex: 13    Spells: 6/6 levels left

rFire    . . .     SeeInvis .   a - +1 short sword
rCold    . . .     Gourm    .   (no shield)
rNeg     . . .     Faith    .   (helmet restricted)
rPois    .         Spirit   .   (no amulet)
rElec    .         Reflect  .   (no ring)
rCorr    .         Harm     .   (no ring)
MR       .....                  (no ring)
Stlth    +++.......             (no ring)
HPRegen  0.16/turn              (no ring)
MPRegen  0.11/turn              (no ring)
                                (no ring)
                                (no ring)

@: very slow
A: almost no armour, stealthy swim, amphibious, 8 rings, constrict 8, camouflage
1, gelatinous body 1
a: Bend Time, Renounce Religion


You were on level 4 of the Dungeon.
You worshipped Cheibriados.
Cheibriados was noncommittal.
You were not hungry.

You visited 2 branches of the dungeon, and saw 5 of its levels.

You collected 149 gold pieces.

Inventory:

Hand Weapons
 a - a +1 short sword (weapon)
Missiles
 k - 152 stones (quivered)
 m - 7 atropa-tipped darts
 s - 9 boomerangs
 u - 2 throwing nets
 w - 37 bolts
Wands
 b - a wand of flame (14)
 c - a wand of enslavement (10)
 d - a wand of random effects (15)
Scrolls
 h - a scroll of remove curse
 i - a scroll of teleportation
 n - 2 scrolls of fog
 o - a scroll of fear
 q - a scroll of identify
Potions
 e - a potion of might
 j - a potion of berserk rage {unknown}
 l - a potion of haste
 p - a potion of heal wounds
 r - a potion of curing {unknown}
 t - a potion of agility
 x - a potion of mutation {unknown}
Comestibles
 f - 7 rations
 g - 4 chunks of flesh


   Skills:
 + Level 4.3 Fighting
 - Level 1.0 Short Blades
 + Level 6.3 Dodging
 - Level 1.3 Stealth
 + Level 3.5 Evocations


You had 6 spell levels left.
You didn't know any spells.
Your spell library was empty.

Dungeon Overview and Level Annotations

Branches:
Dungeon (4/15)             Temple (1/1) D:4

Altars:
Ashenzari
Cheibriados
Elyvilon
Fedhas
Gozag
Hepliaklqana
Kikubaaqudgha
Makhleb
Okawaru
Qazlal
Sif Muna
Uskayaw
Wu Jian
Yredelemnul
Zin
The Shining One


Innate Abilities, Weirdness & Mutations

You cannot wear most types of armour.
You are very stealthy in the water. (Stealth+)
You are amphibious.
You can wear up to eight rings at the same time.
You can use your tentacles to constrict eight enemies at once.
Your skin changes colour to match your surroundings (Stealth+).
Your rubbery body absorbs attacks. (AC +1, EV +1)


Message History

You feel sick. x3
You are no longer poisoned.
You start resting.
Some of the chunks of flesh in your inventory have rotted away.
The centaur is too close now for your liking.
The centaur shouts!
The centaur wields a +0 shortbow.
The centaur shoots an arrow.
The arrow hits you!
* * * LOW HITPOINT WARNING * * *
You see here an arrow.
Evoke which item? (* to show all) (? for menu, Esc to quit)
Aiming: Enslavement
Press: ? - help, Shift-Dir - straight line, f - centaur
Aim: a centaur, wielding a +0 shortbow (chance to defeat MR: 56%)
The centaur resists with significant effort.
The centaur drinks a potion.
The centaur flickers and vanishes!
Deactivating autopickup; reactivate with Ctrl-A.
You hear a twanging sound.
An arrow appears from out of thin air!
The arrow hits you!
You die...

. #.#.# . ## #.#.#
.| ##.#.#...
#.....c# #..{...#
. #..# .# ##.# c#
#.# .#
###########@# ..
............####.#
#.#####..###....)#
#........# #.....#
.#.##..##
##.....c# # #..#
##.##..# #.#.##..#
#.# #... #.......#
#.# #..# #.####.##
#+# #...


There were no monsters in sight!

Vanquished Creatures
  An orc warrior (D:3)
  Blork the orc (D:4)
  3 orc wizards
  2 worker ants
  8 adders
  An ooze (D:1)
  A worm (D:2)
  4 leopard geckos
  2 orcs
  10 bats
  3 giant cockroaches
  7 goblins
  6 hobgoblins
  13 jackals
  5 kobolds
  4 quokkas
  2 ball pythons
  8 frilled lizards
  8 rats
89 creatures vanquished.

Vanquished Creatures (collateral kills)
  An orc priest (D:3)
  An orc wizard (D:3)
2 creatures vanquished.

Grand Total: 91 creatures vanquished

Notes
Turn   | Place    | Note
-------+----------+-------------------------------------------
     0 | D:1      | MisterFreud the Octopode Artificer began the quest for the
                  | Orb.
     0 | D:1      | Reached XP level 1. HP: 13/13 MP: 3/3
   104 | D:1      | Reached XP level 2. HP: 16/19 MP: 4/4
   356 | D:1      | Reached XP level 3. HP: 22/25 MP: 5/5
  1108 | D:2      | Reached XP level 4. HP: 33/33 MP: 6/6
  2197 | D:3      | Reached skill level 3 in Dodging
  2197 | D:3      | Reached XP level 5. HP: 9/37 MP: 7/7
  2537 | D:3      | Noticed an orc warrior
  2784 | D:3      | Reached skill level 4 in Dodging
  2792 | D:3      | Killed an orc warrior
  2792 | D:3      | Reached skill level 5 in Dodging
  2792 | D:3      | Reached XP level 6. HP: 35/43 MP: 8/8
  3152 | D:3      | Found a shattered altar of Ashenzari.
  3265 | D:4      | Found a staircase to the Ecumenical Temple.
  3336 | D:4      | Found a hide-covered altar of Uskayaw.
  3366 | Temple   | Entered the Ecumenical Temple
  3436 | Temple   | Became a worshipper of Cheibriados the Contemplative
  3497 | D:4      | Noticed Blork the orc
  3506 | D:4      | Killed Blork the orc
  3506 | D:4      | Reached skill level 6 in Dodging
  3506 | D:4      | Reached XP level 7. HP: 38/48 MP: 9/9
  3674 | D:4      | Shot with an arrow by something

Levels and vault maps discovered:
D:1:      sevenhm_arrival_forest_fort_large_2, layout_rooms,
          hangedman_abyss_or_decor_lesser_grid, minmay_pentomino_v2
D:2:      layout_basic, minmay_lizard_king
D:3:      layout_rooms, marbit_many_paths, grunt_ministairs_9
D:4:      layout_loops_corners, old_standard_altar, nicolae_ru_awakened_eye,
          temple_doors_e, chequers_serial_rivers_small_3, minmay_vboxes,
          uniq_blork_the_orc
Temple:   eino_temple_scatter_basement

Skill      XL: |  1  2  3  4  5  6 |
---------------+-------------------+-----
Fighting       | 2 3 4 |  4.3
Dodging        | 3 5 6 |  6.3
Short Blades   | |  1.0
Stealth        | |  1.3
Evocations     | |  3.5

Action                   |  1- 3 |  4- 6 |  7- 9 || total
-------------------------+-------+-------+-------++-------
Melee: Short sword       |    71 |   126 |    13 ||   210
       Constrict         |    18 |    27 |     4 ||    49
       Tentacles         |    15 |    22 |     4 ||    41
Evoke: Wand              |       |     5 |     1 ||     6
  Use: Scroll            |       |    11 |       ||    11
       Potion            |       |     3 |       ||     3
 Stab: Sleeping          |     6 |    10 |       ||    16
  Eat: Chunk             |       |     8 |     1 ||     9
Armor: Skin              |    12 |     7 |       ||    19
Dodge: Dodged            |    42 |    82 |    13 ||   137

Table legend:
 A = Non-vault XP
 B = Vault XP
 C = Vault XP percentage of total XP
 D = Non-vault monster count
 E = Vault monster count
 F = Vault count percentage of total count
                 A         B        C        D         E       F
            +---------+---------+-------+---------+---------+-------
      Total |     571 |     215 |  27.4 |      74 |      17 |  18.7
            +---------+---------+-------+---------+---------+-------
        D:1 |      46 |       5 |   9.8 |      23 |       2 |   8.0
        D:2 |      52 |       9 |  14.8 |      17 |       7 |  29.2
        D:3 |     437 |      18 |   4.0 |      32 |       3 |   8.6
        D:4 |      36 |     183 |  83.6 |       2 |       5 |  71.4
            +---------+---------+-------+---------+---------+-------
